 Dungeon Crawl Stone Soup version 0.29.1-13-g9f3cf754e1 (webtiles) character file.

Game seed: 12315299866180667656

57434 khekkus the Geomancer (level 14, -9/86 HPs)
             Began as a Gargoyle Earth Elementalist on Jan 23, 2023.
             Was a High Priest of Vehumet.
             Mangled by a death yak (12 damage)
             ... on level 5 of the Lair of Beasts on Jan 24, 2023.
             The game lasted 02:18:59 (23735 turns).

khekkus the Geomancer (GrEE)                       Turns: 23735, Time: 02:19:01

Health: -9/86      AC: 24    Str: 12    XL:     14   Next: 86%
Magic:  8/26       EV: 16    Int: 30    God:    Vehumet [*****.]
Gold:   1188       SH:  5    Dex: 10    Spells: 5/30 levels left

rFire   . . .      SeeInvis .   y - +3 morningstar (flame)
rCold   + . .      Faith    .   (no shield)
rNeg    + . .      Spirit   .   N - +0 ring mail "Wahewk" {Drain Regen+ Int+9 Stlth+}
rPois   ∞          Reflect  +   (no helmet)
rElec   +          Harm     .   C - +2 cloak
rCorr   .          Rampage  .   H - +2 pair of gloves {Stlth+}
Will    +....                   G - +0 pair of boots
Stlth   +++.......              m - amulet of reflection
HPRegen 1.04/turn               D - +4 ring of evasion
MPRegen 0.20/turn               p - ring "Ykli Tof" {Wiz rC+}

@: about to teleport, flying
A: sickness immunity, AC +10, big wings, negative energy resistance 1,
electricity resistance, torment resistance 1, petrification resistance
a: Renounce Religion


You were on level 5 of the Lair of Beasts.
You worshipped Vehumet.
Vehumet was extremely pleased with you.
You visited 3 branches of the dungeon, and saw 17 of its levels.

You collected 1258 gold pieces.
You spent 70 gold pieces at shops.

Inventory:

Hand Weapons
 d - a +1 whip of draining
 l - the +11 mace "Hell-Harrower" {freeze, *Noise Dex+6 SInv}
   (You found it on level 5 of the Lair of Beasts)

   It freezes those it strikes, dealing additional cold damage.
   It can also slow down cold-blooded creatures.
   Dex:       It affects your dexterity (+6).
   SInv:      It lets you see invisible.
   *Noise:    It may make noises in combat.
 n - the +6 rapier "Odoqiwke" {freeze, Drain Fly Will+ Dex+4}
   (You found it on level 2 of the Dungeon)

   It freezes those it strikes, dealing additional cold damage.
   It can also slow down cold-blooded creatures.
   Dex:       It affects your dexterity (+4).
   Fly:       It grants you flight.
   Drain:     It drains your maximum health when unequipped.
   Will:      It increases your willpower.
 y - a +3 morningstar of flaming (weapon)
Missiles
 w - 4 throwing nets
Armour
 B - a +2 troll leather armour
 C - a +2 cloak (worn)
 G - a +0 pair of boots (worn)
 H - a +2 pair of gloves of stealth (worn)
 N - the +0 ring mail "Wahewk" (worn) {Drain Regen+ Int+9 Stlth+}
   (You found it on level 4 of the Lair of Beasts)

   Int:       It affects your intelligence (+9).
   Regen:     It increases your rate of health regeneration.
   Drain:     It drains your maximum health when unequipped.
   Stlth:     It makes you more stealthy.
Magical Staves
 v - a staff of conjuration
 L - a staff of fire
 M - a staff of earth
Jewellery
 j - a ring of wizardry
 k - an amulet of guardian spirit
 m - an amulet of reflection (around neck)
 p - the ring "Ykli Tof" (right hand) {Wiz rC+}
   (You found it on level 4 of the Dungeon)

   [ring of wizardry]

   It improves your spell success rate.
   rC:        It protects you from cold.
 D - a +4 ring of evasion (left hand)
 E - a ring of protection from fire
Wands
 t - a wand of iceblast (9)
 x - a wand of mindburst (10)
 A - a wand of flame (111)
 I - a wand of charming (4)
Scrolls
 e - a scroll of magic mapping
 f - a scroll of teleportation
 h - 3 scrolls of summoning
 z - a scroll of fear
 F - a scroll of enchant weapon
 J - a scroll of silence
 P - 2 scrolls of identify
 Q - a scroll of blinking
Potions
 a - a potion of cancellation
 b - a potion of magic
 c - 5 potions of might
 g - 3 potions of brilliance
 i - 9 potions of curing
 r - 4 potions of haste
 s - 2 potions of invisibility
 O - a potion of resistance
 R - 2 potions of heal wounds


   Skills:
 + Level 9.1 Fighting
 + Level 8.9 Maces & Flails
 - Level 6.0 Armour
 + Level 5.4 Dodging
 - Level 2.3 Stealth
 + Level 8.7 Spellcasting
 + Level 11.9 Conjurations
 - Level 1.0 Transmutations
 * Level 10.0 Fire Magic
 + Level 13.9 Earth Magic
 - Level 5.0 Evocations


You had 5 spell levels left.
You knew the following spells:

 Your Spells              Type           Power      Damage    Failure   Level
a - Sandblast             Erth           100%       2d20      1%          1
b - Passwall              Tmut/Erth      45%        N/A       1%          2
c - Stone Arrow           Conj/Erth      100%       3d13      1%          3
d - Sticky Flame          Conj/Fire      68%        2d8       1%          4
f - Fireball              Conj/Fire      34%        3d14      1%          5
g - Scorch                Fire           100%       2d10      1%          2
h - Lee's Rapid Deconstr  Erth           38%        3d20*     1%          5
i - Conjure Flame         Conj/Fire      68%        6-21      1%          3

Your spell library contained the following spells:

 Spells                   Type           Power      Damage    Failure   Level
 Ozocubu's Refrigeration  Ice            6%         4d8       99%         7
 Foxfire                  Conj/Fire      100%       2x1d9     1%          1
 Freeze                   Ice            52%        1d7       1%          1
 Poisonous Vapours        Pois/Air       26%        N/A       1%          2
 Searing Ray              Conj           100%       2d8       1%          2
 Static Discharge         Conj/Air       48%        3-9/arc   1%          2
 Dazzling Flash           Conj/Hex       96%        N/A       1%          3
 Ignite Poison            Fire/Tmut/Pois 35%        N/A       1%          3
 Mephitic Cloud           Conj/Pois/Air  36%        N/A       1%          3
 Animate Armour           Summ/Erth      100%       N/A       1%          4
 Hailstorm                Conj/Ice       48%        3d11      1%          4
 Petrify                  Tmut/Erth      55%        N/A       1%          4
 Sting                    Tmut/Pois      64%        1d6       2%          1
 Lightning Bolt           Conj/Air       24%        1d39      2%          5
 Summon Small Mammal      Summ           52%        N/A       3%          1
 Frozen Ramparts          Ice            26%        1d4       3%          3
 Ensorcelled Hibernation  Hex/Ice        26%        N/A       4%          2
 Freezing Cloud           Conj/Ice/Air   18%        6-21      5%          5
 Spider Form              Tmut/Pois      16%        N/A       9%          3
 Call Canine Familiar     Summ           13%        N/A       10%         3
 Gell's Gravitas          Tloc           13%        N/A       10%         3
 Lesser Beckoning         Tloc           13%        N/A       10%         3
 Portal Projectile        Hex/Tloc       26%        N/A       10%         3
 Summon Guardian Golem    Hex/Summ       13%        N/A       10%         3
 Teleport Other           Tloc           13%        N/A       10%         3
 Tukima's Dance           Hex            13%        N/A       10%         3
 Olgreb's Toxic Radiance  Pois           13%        N/A       10%         4
 Anguish                  Hex/Necr       6%         N/A       32%         4
 Dispel Undead            Necr           13%        3d9       32%         4
 Blade Hands              Tmut           9%         N/A       50%         5
 Agony                    Necr           13%        N/A       63%         5
 Silence                  Hex/Air        6%         N/A       63%         5
 Starburst                Conj/Fire      34%        6d10      1%          6
 Ignition                 Fire           32%        3d10      58%         8
 Maxwell's Capacitive Co  Air            6%         ∞         100%        8


Dungeon Overview and Level Annotations

Branches:
Dungeon (11/15)            Temple (1/1) D:7            Lair (5/5) D:8
  Swamp (0/4) Lair:3        Snake (0/4) Lair:3        Slime (0/5) Lair:5
    Orc (0/2) D:11

Altars:
Ashenzari
Cheibriados
Dithmenos
Elyvilon
Fedhas
Gozag
Hepliaklqana
Kikubaaqudgha
Makhleb
Nemelex Xobeh
Okawaru
Qazlal
Ru
Sif Muna
Trog
Uskayaw
Vehumet
Wu Jian
Xom
Yredelemnul
Zin
The Shining One
Jiyva

Shops:
D:1 (*   D:2 (   D:5 *(   D:7 (   D:11 (

Annotations:
D:7 1 transporter, exclusion: ice statue, gargbit's ghost, novice OpBr


Innate Abilities, Weirdness & Mutations

You are immune to sickness and miasma.
Your stone body is resilient. (AC +10)
You are immune to poison.
Your large and strong wings let you fly.
You resist negative energy. (rN+)
You are resistant to electric shocks. (rElec)
You are resistant to unholy torment.
You are immune to petrification.


Message History

The flash freeze hits you! You partially resist.
* * * LOW HITPOINT WARNING * * *
You are encased in ice.
As you read the scroll of teleportation, it crumbles to dust.
You feel strangely unstable.
The death yak gores you but does no damage.
The death yak misses you. The death yak closely misses you.
The rime drake bites you but does no damage.
A cane toad comes into view.
Casting: Lee's Rapid Deconstruction (safe; 1% risk of failure)
Confirm with . or Enter, or press ? or * to list all spells.
Aiming: Fireball (mildly dangerous; 1% risk of failure)
Press: ? - help, Shift-Dir - straight line
Okay, then.
The death yak attacks as you move away!
The death yak gores you but does no damage.
The rime drake attacks as you move away!
You block the rime drake's attack. The ice encasing you melts away.
The rime drake completely misses you.
Casting: Fireball (mildly dangerous; 1% risk of failure)
Confirm with . or Enter, or press ? or * to list all spells.
Aiming: Stone Arrow (safe; 1% risk of failure)
Press: ? - help, Shift-Dir - straight line, f - death yak
Aim: a death yak (almost dead, 92% to hit)
The stone arrow hits the death yak!
You kill the death yak!
Vehumet accepts your kill.
You feel your power returning. The death yak gores you!
* * * LOW HITPOINT WARNING * * *
The rime drake bites you but does no damage.
Casting: Stone Arrow (safe; 1% risk of failure)
Confirm with . or Enter, or press ? or * to list all spells.
Aiming: Stone Arrow (safe; 1% risk of failure)
Press: ? - help, Shift-Dir - straight line, f - death yak
Aim: a death yak (severely wounded, 92% to hit)
The stone arrow hits the death yak!!
The death yak is almost dead.
The death yak completely misses you. The death yak gores you!
You die...

#....~~~≈~~##.~.~~≈~~~~
##.P.~~~~~~##~~~.~~~#~~ ..
##.~.~~#~P~~#~~~~~.~~#~≈ ...<
##.~P.~~##~~~#~!)~~~~≈##~
#....###.#~~.~#####~~~...~~~####
.......#.#....~~~##≈~~~...~†≈~~##
..............~~~~#≈~.~~).~#~~~~#
..............~≈k~#~~~~~~~~#~~~~≈
..............~Y@F~~~≈~.~~##~~~~~
..............~Y~~~~~~~~~.##~~≈~~
............~..~~~~~~≈~~~†##.~~~~
............~.P~≈.~≈~~P~~~###~~~~
...#.#......#~.≈~~~~≈~~~~≈≈##~~~~
............#..~~~~~≈≈≈≈≈~≈##.~~P
...........###~.~~~~~≈~≈≈~~###~~~
#..._...#..# #.~~.~~~.~≈≈≈~~.#~~.
....>......####..~~~≈P~≈P~~~##~~.


You could see 2 death yaks, a cane toad and a rime drake.

Vanquished Creatures
  A catoblepas (Lair:3)
  2 hydras
  4 boulder beetles
  A two-headed ogre (D:9)
  A centaur warrior (D:8)
  17 death yaks
  A goliath frog (Lair:5)
  Pikel (D:7)
  A manticore (D:11)
  An ugly thing (D:11)
  2 cyclopes (D:11)
  6 elephants
  19 cane toads
  Joseph (D:8)
  2 black mambas (Lair:3)
  A gargoyle (D:11)
  6 rime drakes
  3 unseen horrors
  A kobold demonologist (D:11)
  11 komodo dragons
  2 polar bears (Lair:3)
  4 tyrant leeches
  7 trolls
  A hornet (D:11)
  19 blink frogs
  Prince Ribbit (D:7)
  A slime creature (Lair:1)
  6 dream sheep (Lair:3)
  2 wraiths
  2 vampires
  A wyvern (D:6)
  4 basilisks
  49 yaks
  2 steam dragons (D:8)
  2 wargs (D:11)
  2 swamp worms (Lair:3)
  An acid dragon (D:10)
  5 vampire mosquitoes
  25 water moccasins
  A warg (shapeshifter) (D:8)
  An ice beast (D:7)
  5 orc warriors
  2 sky beasts
  3 black bears
  An ogre (D:6)
  8 wolves
  5 centaurs
  2 lemures (D:7)
  2 phantoms
  2 kobold brigands
  13 bullfrogs
  2 gnoll sergeants
  A scorpion (D:5)
  2 necrophages (D:6)
  5 wights (D:10)
  12 killer bees
  2 electric eels
  A crimson imp (D:6)
  7 hounds
  10 jellies
  Crazy Yiuf (D:6)
  A gnoll bouda (D:9)
  6 orc priests
  9 orc wizards
  Natasha (thrice) (D:3)
  3 iguanas
  5 hell rats (Lair:3)
  15 gnolls
  7 adders
  A shadow imp (D:5)
  4 dart slugs
  34 orcs
  7 bats
  22 endoplasms
  4 giant cockroaches
  5 goblins
  9 hobgoblins
  11 kobolds
  2 quokkas
  5 ball pythons
  2 frilled lizards
  6 rats
467 creatures vanquished.

Vanquished Creatures (others)
  A sky beast (D:7)
  35 foxfires
  37 fungi
  117 plants
190 creatures vanquished.

Grand Total: 657 creatures vanquished

Notes
Turn   | Place    | Note
-------+----------+-------------------------------------------
     0 | D:1      | khekkus the Gargoyle Earth Elementalist began the quest for
                  | the Orb.
     0 | D:1      | Reached XP level 1. HP: 10/10 MP: 3/3
    58 | D:1      | Found Dadyegim's Weapon Boutique.
    95 | D:1      | Reached skill level 1 in Transmutations
    95 | D:1      | Reached XP level 2. HP: 10/15 MP: 1/5
   337 | D:1      | Reached skill level 4 in Earth Magic
   531 | D:1      | Found Pithruur's General Store.
   535 | D:1      | Learned a level 2 spell: Passwall
   676 | D:1      | Reached XP level 3. HP: 19/19 MP: 3/6
   680 | D:1      | Learned a level 3 spell: Stone Arrow
  1528 | D:2      | Found a faded altar of an unknown god.
  1725 | D:2      | Reached skill level 1 in Conjurations
  1774 | D:2      | Reached XP level 4. HP: 24/24 MP: 8/8
  1933 | D:2      | Found Ukhluro's Weapon Shop.
  2086 | D:2      | Identified the +6 rapier "Odoqiwke" {freeze, Drain Fly
                  | Will+ Dex+4}
  2424 | D:3      | Noticed Natasha
  2429 | D:3      | Killed Natasha
  2495 | D:3      | Reached skill level 1 in Maces & Flails
  2495 | D:3      | Reached XP level 5. HP: 28/28 MP: 4/9
  2517 | D:3      | Noticed Natasha
  2545 | D:3      | Killed Natasha
  2546 | D:3      | Reached skill level 5 in Earth Magic
  3097 | D:3      | Noticed Natasha
  3111 | D:3      | Killed Natasha
  3334 | D:4      | Reached XP level 6. HP: 32/32 MP: 8/10
  3376 | D:4      | Identified the ring "Ykli Tof" {Wiz rC+}
  4076 | D:4      | Noticed a black bear
  4078 | D:4      | Killed a black bear
  4133 | D:4      | Reached skill level 6 in Earth Magic
  4271 | D:5      | Entered Level 5 of the Dungeon
  4271 | D:5      | Found Qiell's Antique Weapon Boutique.
  4332 | D:5      | Reached XP level 7. HP: 36/36 MP: 6/12
  4873 | D:5      | Found Jelalehuaxt's General Store.
  4881 | D:5      | Bought a potion of heal wounds for 70 gold pieces
  5065 | D:5      | Found a blossoming altar of Fedhas.
  5477 | D:6      | Reached skill level 7 in Earth Magic
  5505 | D:7      | Found Kysiethru's Antique Weapon Shoppe.
  5615 | D:7      | Reached skill level 1 in Fighting
  5617 | D:7      | Reached XP level 8. HP: 33/43 MP: 4/14
  5897 | D:7      | Found an ancient bone altar of Kikubaaqudgha.
  5898 | D:7      | Noticed Pikel
  6041 | D:7      | Killed Pikel
  6042 | D:7      | Reached skill level 5 in Conjurations
  6042 | D:7      | Reached skill level 8 in Earth Magic
  6385 | D:7      | Noticed Prince Ribbit
  6393 | D:7      | Noticed an ice statue
  6395 | D:7      | Killed Prince Ribbit
  6396 | D:7      | Reached XP level 9. HP: 49/49 MP: 1/16
  6634 | D:6      | Found a burning altar of Makhleb.
  6634 | D:6      | Found a shimmering altar of Xom.
  7012 | D:6      | Reached skill level 5 in Spellcasting
  7169 | D:6      | Noticed an eight-headed hydra
  7179 | D:6      | Killed an eight-headed hydra
  7180 | D:6      | Reached skill level 9 in Earth Magic
  7250 | D:6      | Noticed a troll
  7472 | D:7      | Identified the +7 sling "Juarph" {venom, Str+4 Int-3 Dex+4}
  7648 | D:7      | Noticed gargbit's ghost (novice OpBr)
  7825 | D:6      | Reached XP level 10. HP: 56/56 MP: 15/18
  7945 | D:6      | Reached skill level 5 in Maces & Flails
  8104 | D:6      | Reached skill level 10 in Earth Magic
  8203 | D:6      | Found a runed translucent door.
  8204 | D:6      | Noticed Crazy Yiuf
  8210 | D:6      | Killed Crazy Yiuf
  8535 | D:7      | Found a transporter.
  8540 | D:7      | Found a transporter.
  8644 | D:7      | Found a staircase to the Ecumenical Temple.
  8650 | Temple   | Entered the Ecumenical Temple
  8657 | Temple   | Became a worshipper of Vehumet
  8947 | D:8      | Found a staircase to the Lair.
  9062 | D:8      | Found a sacrificial altar of Ru.
  9214 | D:8      | Noticed Joseph
  9223 | D:8      | Killed Joseph
  9320 | D:8      | Reached skill level 1 in Armour
  9512 | D:8      | Found an ornate altar of the Wu Jian Council.
  9514 | D:8      | Found a snail-covered altar of Cheibriados.
  9526 | D:8      | Found an iron altar of Okawaru.
  9526 | D:8      | Found a stormy altar of Qazlal.
  9526 | D:8      | Found an opulent altar of Gozag.
  9526 | D:8      | Found a glowing golden altar of the Shining One.
  9529 | D:8      | Found a bloodstained altar of Trog.
  9625 | D:8      | Found a large runed translucent door.
  9625 | D:8      | Found a large runed translucent door.
  9850 | D:8      | Found a large runed translucent door.
  9850 | D:8      | Found a large runed translucent door.
  9853 | D:8      | Identified the +0 plate armour of Hepliaklqana's Hope
                  | {Rampage}
 10118 | D:8      | Noticed a centaur warrior
 10123 | D:8      | Killed a centaur warrior
 10124 | D:8      | Reached skill level 5 in Fighting
 10124 | D:8      | Reached skill level 11 in Earth Magic
 10133 | D:8      | Reached XP level 11. HP: 45/63 MP: 1/20
 10333 | D:8      | Learned a level 4 spell: Petrify
 10607 | D:8      | Reached * piety under Vehumet
 10607 | D:8      | Offered knowledge of Foxfire by Vehumet.
 10610 | D:8      | Learned a level 1 spell: Foxfire
 10696 | D:8      | Identified the +8 short sword of Greed {flame, Fly Will-
                  | Str+2 Dex+4}
 10820 | Lair:1   | Entered Level 1 of the Lair of Beasts
 10903 | Lair:1   | Learned a level 5 spell: Fireball
 10939 | Lair:1   | Reached skill level 1 in Fire Magic
 12122 | Lair:2   | Identified a scroll of acquirement
 12122 | Lair:2   | Acquired a +2 pair of gloves of stealth
 12145 | Lair:2   | Noticed a boulder beetle
 12327 | Lair:2   | Killed a boulder beetle
 12504 | Lair:1   | Reached skill level 5 in Fire Magic
 12513 | Lair:1   | Reached skill level 10 in Conjurations
 12771 | Lair:2   | Reached ** piety under Vehumet
 12771 | Lair:2   | Offered knowledge of Scorch by Vehumet.
 12775 | Lair:2   | Learned a level 2 spell: Scorch
 12857 | Lair:2   | Reached XP level 12. HP: 69/69 MP: 11/21
 12928 | Lair:2   | Got the Tome of Telluric Toxicity
 13664 | Lair:3   | Reached skill level 12 in Earth Magic
 13976 | Lair:3   | Noticed a boulder beetle
 14071 | Lair:3   | Killed a boulder beetle
 14289 | Lair:3   | Noticed a death yak
 14306 | Lair:3   | Reached skill level 5 in Armour
 14400 | Lair:3   | Noticed a death yak
 14402 | Lair:3   | Noticed a death yak
 14408 | Lair:3   | Noticed a death yak
 14409 | Lair:3   | Noticed a death yak
 14417 | Lair:3   | Noticed a death yak
 14459 | Lair:2   | Killed a death yak
 14960 | D:9      | Offered knowledge of Searing Ray by Vehumet.
 14965 | D:9      | Learned a level 2 spell: Searing Ray
 15118 | D:9      | Noticed a two-headed ogre
 15126 | D:9      | Killed a two-headed ogre
 15542 | D:9      | Reached *** piety under Vehumet
 15649 | D:10     | Entered Level 10 of the Dungeon
 16734 | D:11     | Reached XP level 13. HP: 56/76 MP: 20/24
 16758 | D:11     | Found Erazomohu's Weapon Emporium.
 16837 | D:11     | Offered knowledge of Conjure Flame by Vehumet.
 16842 | D:11     | Learned a level 3 spell: Conjure Flame
 16848 | D:11     | Learned a level 4 spell: Sticky Flame
 17088 | D:11     | Found a staircase to the Orcish Mines.
 17390 | D:11     | Reached **** piety under Vehumet
 17680 | D:11     | Reached skill level 13 in Earth Magic
 18354 | Lair:2   | Reached skill level 1 in Evocations
 18363 | Lair:2   | Offered knowledge of Lee's Rapid Deconstruction by Vehumet.
 18382 | Lair:2   | Learned a level 5 spell: Lee's Rapid Deconstruction
 18668 | Lair:2   | Reached skill level 5 in Evocations
 18856 | Lair:3   | Found a staircase to the Snake Pit.
 18969 | Lair:3   | Found a staircase to the Swamp.
 20129 | Lair:4   | Reached ***** piety under Vehumet
 20189 | Lair:5   | Entered Level 5 of the Lair of Beasts
 20380 | Lair:3   | Offered knowledge of Ozocubu's Refrigeration by Vehumet.
 20381 | Lair:3   | Gained mutation: Your large and strong wings let you fly.
                  | [Gargoyle growth]
 20381 | Lair:3   | Reached XP level 14. HP: 47/84 MP: 0/26
 20778 | Lair:4   | Identified the +0 ring mail "Wahewk" {Drain Regen+ Int+9
                  | Stlth+}
 21968 | Lair:4   | Reached skill level 5 in Dodging
 23275 | Lair:5   | Identified the +11 mace "Hell-Harrower" {freeze, *Noise
                  | Dex+6 SInv}
 23332 | Lair:5   | Found a viscous altar of Jiyva.
 23332 | Lair:5   | Found a staircase to the Slime Pits.
 23342 | Lair:5   | Reached skill level 10 in Fire Magic
 23734 | Lair:5   | HP: 2/86 [death yak (12)]
 23735 | Lair:5   | Mangled by a death yak

Illustrated notes

Levels and vault maps discovered:
D:1:      dpeg_arrival_orchard, layout_basic, serial_shops,
          nicolae_shop_advertising_works [nicolae_subvault_shop_adworks],
          nicolae_shop_hallway_plus
D:2:      layout_basic, serial_shops, nicolae_shop_hallway_stairs,
          hellmonk_ecumenical_altar_run_dry, serial_glass, glass_columns_c,
          glass_columns_a, minmay_stone_trees_small
D:3:      layout_basic, kennysheep_generic_room_15, uniq_natasha
D:4:      layout_loops_corners
D:5:      layout_loops_corners, nicolae_overflow_crystal_walls, serial_shops,
          nicolae_shop_stone, nicolae_stop_n_shop_1
D:6:      minmay_opposing_rooms, layout_loops_ring,
          grunt_temple_overflow_champion_of_chaos, dreamdust_gnoll_farm,
          uniq_crazy_yiuf_cottage
D:7:      layout_loops_cross, kiku_gazebo_pond_becter,
          minmay_temple_entry_enclosed_plants, nzn_ghost_randoct, serial_shops,
          nicolae_square_shop, uniq_pikel, uniq_prince_ribbit1
D:8:      layout_cave_pods, mainiacjoe_overflow_catwalk, minitemple,
          david_lair_shrubbed, minmay_hollow_rounded_squares, uniq_joseph
D:9:      layout_loops_ring, serial_aquarium, aquarium_bridge_long_separate
          [aquarium_subvault_bridge, aquarium_subvault_bridge,
          aquarium_subvault_balcony, aquarium_subvault_bridge,
          aquarium_subvault_wall, aquarium_subvault_window],
          aquarium_window_corridor_1, aquarium_window_1, aquarium_window_fake,
          aquarium_view_2c, aquarium_balcony_5b, minmay_misc_feat_nine_boxes,
          kennysheep_windowed_goal
D:10:     layout_basic
D:11:     layout_loops_corners, david_orc_3, serial_shops,
          nicolae_shop_hallway_stairs, st_stairs_6, nzn_sisyphean_effort
Temple:   eino_temple_lava
Lair:1:   lemuel_slime, layout_hall_layers
Lair:2:   layout_cellular_growth
Lair:3:   layout_roguey, minmay_swamp_entry_worms,
          minmay_snake_entry_six_corridors, beast_lair_carwin_11
Lair:4:   layout_long_grid, wad_woods_river_01
Lair:5:   minmay_lair_end_frog_pond, layout_hall_layers,
          nicolae_slime_entry_slimehenge

Skill      XL: |  1  2  3  4  5  6  7  8  9 10 11 12 13 14 |
---------------+-------------------------------------------+-----
Transmutations | 1 |  1.0
Earth Magic    | 4 5 6 7 8 9 11 12 13 | 13.9
Conjurations   | 1 2 3 5 7 8 10 11 | 11.9
Maces & Flails | 1 2 3 4 5 6 7 8 |  8.9
Spellcasting   | 3 4 5 6 7 8 |  8.7
Fighting       | 1 2 3 5 7 8 9 |  9.1
Dodging        | 2 3 4 5 |  5.4
Armour         | 2 4 5 6 |  6.0
Fire Magic     | 5 6 8 10 | 10.0
Evocations     | 5 |  5.0
Stealth        | |  2.3

Action                   |  1- 3 |  4- 6 |  7- 9 | 10-12 | 13-15 || total
-------------------------+-------+-------+-------+-------+-------++-------
Melee: Short sword       |    12 |       |       |       |       ||    12
       Whip              |    42 |    31 |    21 |    67 |       ||   161
       Punch             |     1 |       |       |     5 |     5 ||    11
       Morningstar       |       |       |       |   312 |   163 ||   475
       Staff             |       |       |       |       |    51 ||    51
 Cast: Sandblast         |    35 |    39 |    78 |    79 |    73 ||   304
       Stone Arrow       |       |     7 |    44 |   177 |   188 ||   416
       Foxfire           |       |       |       |    21 |       ||    21
       Scorch            |       |       |       |     6 |     1 ||     7
       Fireball          |       |       |       |     2 |    24 ||    26
       Searing Ray       |       |       |       |     2 |       ||     2
       Lee's Rapid Decon |       |       |       |       |    50 ||    50
       Sticky Flame      |       |       |       |       |     5 ||     5
       Conjure Flame     |       |       |       |       |     4 ||     4
Evoke: Wand              |       |       |       |     2 |       ||     2
  Use: Scroll            |     5 |     5 |     4 |    12 |     9 ||    35
       Potion            |       |       |     3 |     3 |     4 ||    10
 Stab: Sleeping          |     2 |       |       |     2 |     1 ||     5
       Distracted        |       |       |       |     1 |     1 ||     2
Armor: Robe              |    24 |    24 |    29 |       |       ||    77
       Troll leather arm |       |       |       |   266 |   132 ||   398
       Ring mail         |       |       |       |       |   145 ||   145
Dodge: Dodged            |    55 |    33 |    73 |   459 |   406 ||  1026
Block: Other             |       |       |    23 |   150 |   148 ||   321
       Reflection        |       |       |     1 |     5 |     1 ||     7
